 Dungeon Crawl Stone Soup version 0.30.1 (webtiles) character file.

Game seed: 15472750585047644714

26 Testola the Slasher (level 3, 0/27 HPs)
             Began as a Human Warper on July 9, 2023.
             Slain by a worm (2 damage)
             ... on level 2 of the Dungeon.
             The game lasted 00:05:55 (1098 turns).

Testola the Slasher (Human Warper)                  Turns: 1098, Time: 00:05:56

Health: 0/27       AC:  4    Str: 13    XL:     3   Next: 22%
Magic:  4/6        EV: 11    Int: 13    God:
Gold:   60         SH:  0    Dex: 12    Spells: 4/6 levels left

rFire   . . .        a - +0 falchion
rCold   + . .        (no shield)
rNeg    . . .        b - +1 leather armour
rPois   .            (no helmet)
rElec   .            (no cloak)
rCorr   .            (no gloves)
SInv    .            (no boots)
Will    .....        (no amulet)
Stlth   +            h - ring of protection from cold
HPRegen 0.24/turn    (no ring)
MPRegen 0.10/turn

%: no passive effects
@: on blink cooldown
A: no striking features
a: no special abilities


You were on level 2 of the Dungeon.
You visited 1 branch of the dungeon, and saw 2 of its levels.

You collected 60 gold pieces.

Inventory:

Hand Weapons
 a - a +0 falchion (weapon)
 m - a +0 mace of protection
Missiles
 d - 7 boomerangs of dispersal (quivered)
Armour
 b - a +1 leather armour (worn)
 f - a +0 ring mail
Jewellery
 h - a ring of protection from cold (left hand)
Scrolls
 c - a scroll of blinking
 e - a scroll of immolation
Potions
 g - a potion of brilliance {unknown}
 i - a potion of curing {unknown}
 k - a potion of magic {unknown}
 n - 2 potions of invisibility {unknown}
 o - a potion of might {unknown}


   Skills:
 - Level 2.0 Fighting
 * Level 3.3 Long Blades
 - Level 1.0 Throwing
 - Level 1.1 Armour
 - Level 2.0 Dodging
 - Level 2.0 Spellcasting
 - Level 3.0 Translocations


You had 4 spell levels left.
You knew the following spells:

 Your Spells              Type           Power      Damage    Failure   Level
a - Blink                 Tloc           18%        N/A       14%         2

Your spell library contained the following spells:

 Spells                   Type           Power      Damage    Failure   Level
 Lesser Beckoning         Tloc           18%        N/A       14%         2
 Teleport Other           Tloc           9%         N/A       28%         3
 Vhi's Electric Charge    Tloc/Air       10%        N/A       45%         3
 Manifold Assault         Tloc           9%         N/A       67%         4


Dungeon Overview and Level Annotations

Branches:
Dungeon (2/15)

Altars:


Message History

You barely miss the worm. You slash the worm!
The worm is moderately wounded.
The worm barely misses you.
You hit the worm.
The worm is heavily wounded.
The worm bites you!
You hit the worm.
The worm is almost dead.
The worm bites you.
You are too injured to fight recklessly!
You are too injured to fight recklessly!
You are too injured to fight recklessly!
You are too injured to fight recklessly!
You are too injured to fight recklessly!
You are too injured to fight recklessly!
You are too injured to fight recklessly!
You are too injured to fight recklessly!
You are too injured to fight recklessly!
You are too injured to fight recklessly!
You are too injured to fight recklessly!
You are too injured to fight recklessly!
You are too injured to fight recklessly!
You are too injured to fight recklessly!
You are too injured to fight recklessly!
You are too injured to fight recklessly!
You are too injured to fight recklessly!
You are too injured to fight recklessly!
You are too injured to fight recklessly!
Casting: Blink (safe; 14% risk of failure)
Confirm with . or Enter, or press ? or * to list all spells.
You blink.
You hit the worm but do no damage.
The worm is severely wounded.
The worm bites you!
* * * LOW HITPOINT WARNING * * *
You barely miss the worm.
The worm is severely wounded.
The worm bites you.
You die...

#.# #.# #.# #.#
####.# ....#
####..# #..#.@#
#....w#
#.##ยง##########
# #..........#
##########.#
#.....# #.#
###.###.###.###.#
.........##.....#
###.###..########


You could see a worm.

Vanquished Creatures
  3 dart slugs
  A bat (D:1)
  An endoplasm (D:1)
  A giant cockroach (D:1)
  A goblin (D:1)
  A hobgoblin (D:1)
  4 jackals (D:1)
  A kobold (D:1)
  A quokka (D:1)
  3 ball pythons (D:1)
  A rat (D:1)
18 creatures vanquished.

Notes
Turn   | Place    | Note
-------+----------+-------------------------------------------
     0 | D:1      | Testola the Human Warper began the quest for the Orb.
     0 | D:1      | Reached XP level 1. HP: 16/16 MP: 3/3
   184 | D:1      | Reached XP level 2. HP: 22/22 MP: 5/5
   200 | D:1      | Learned a level 2 spell: Blink
   676 | D:1      | Reached XP level 3. HP: 27/27 MP: 6/6
  1098 | D:2      | Slain by a worm

Illustrated notes

Levels and vault maps discovered:
D:1:      dpeg_arrival_ternary, layout_rooms
D:2:      layout_basic, minmay_hedge_maze

Skill      XL: |  1  2 |
---------------+-------+-----
Long Blades    | 3 |  3.3
Fighting       | |  2.0
Throwing       | |  1.0
Armour         | |  1.1
Dodging        | |  2.0
Spellcasting   | |  2.0
Translocations | |  3.0

Action                     || total
---------------------------++-------
  Melee: Falchion          ||    78
         Punch             ||     1
   Cast: Blink             ||     6
    Use: Scroll            ||     3
 Armour: Leather armour    ||    25
  Dodge: Dodged            ||    47
